 Dungeon Crawl Stone Soup version 0.30.0-5-g1a98f26d00 (webtiles) character file.

Game seed: 3211901526257636679

346 jasper the Charlatan (level 6, -4/32 HPs)
             Began as a Spriggan Artificer on May 11, 2023.
             Slain by Ijyb
             ... wielding a +0 club
              (7 damage)
             ... on level 4 of the Dungeon.
             The game lasted 00:01:47 (766 turns).

jasper the Charlatan (Spriggan Artificer)            Turns: 766, Time: 00:01:48

Health: -4/32      AC:  2    Str:  8    XL:     6   Next: 32%
Magic:  7/7        EV: 17    Int: 15    God:
Gold:   76         SH:  0    Dex: 15    Spells: 5/5 levels left

rFire   . . .        l - +0 quick blade
rCold   . . .        (no shield)
rNeg    . . .        b - +0 robe
rPois   .            (helmet restricted)
rElec   .            (no cloak)
rCorr   .            (gloves unavailable)
SInv    +            (boots unavailable)
Will    +....        (no amulet)
Stlth   +++          (no ring)
HPRegen 0.25/turn    (no ring)
MPRegen 0.10/turn

%: no passive effects
@: very quick
A: very small, no large weapons, unfitting armour, see invisible, speed 3
a: no special abilities


You were on level 4 of the Dungeon.
You visited 1 branch of the dungeon, and saw 4 of its levels.

You collected 76 gold pieces.

Inventory:

Hand Weapons
 a - a +0 club
 c - a +0 short sword
 l - a +0 quick blade (weapon)
Armour
 b - a +0 robe (worn)
Wands
 d - a wand of charming (15)
Scrolls
 f - a scroll of enchant weapon {unknown}
 h - 2 scrolls of amnesia {unknown}
 i - a scroll of teleportation {unknown}
 j - a scroll of fear {unknown}
Potions
 g - a potion of flight
 k - a potion of attraction {unknown}


   Skills:
 + Level 2.6 Fighting
 * Level 0.6 Short Blades
 - Level 3.2 Dodging
 + Level 5.1 Stealth
 - Level 7.1 Evocations


You had 5 spell levels left.
You didn't know any spells.
Your spell library was empty.

Dungeon Overview and Level Annotations

Branches:
Dungeon (4/15)
 Temple: D:4-7

Altars:

Annotations:
D:4 Ijyb


Innate Abilities, Weirdness & Mutations

You are very small and have problems with some larger weapons.
You are too small for most types of armour.
You have supernaturally acute eyesight. (SInv)
You cover ground extremely quickly. (Speed+++)


Message History

You completely miss Ijyb.
Ijyb is moderately wounded.
Ijyb hits you with a +0 club.
You take 6 damage, and have 16/32 hp.
You hit Ijyb but do no damage.
Ijyb is moderately wounded.
You hit Ijyb but do no damage. Your punch misses Ijyb.
Ijyb is moderately wounded.
Ijyb closely misses you.
You closely miss Ijyb. You punch Ijyb.
Ijyb is heavily wounded.
Ijyb hits you with a +0 club.
You take 1 damage, and have 15/32 hp.
You completely miss Ijyb.
Ijyb is heavily wounded.
You barely miss Ijyb.
Ijyb is heavily wounded.
Ijyb hits you with a +0 club.
You take 4 damage, and have 11/32 hp.
You hit Ijyb but do no damage.
Ijyb is heavily wounded.
Ijyb hits you with a +0 club.
* * * LOW HITPOINT WARNING * * *
You hit Ijyb but do no damage.
Ijyb is heavily wounded.
You take 5 damage, and have 6/32 hp.
You barely miss Ijyb.
Ijyb is heavily wounded.
Ijyb closely misses you.
You hit Ijyb but do no damage.
Ijyb is heavily wounded.
Ijyb hits you with a +0 club.
* * * LOW HITPOINT WARNING * * *
You hit Ijyb but do no damage.
Ijyb is heavily wounded.
You take 3 damage, and have 3/32 hp.
You hit Ijyb but do no damage.
Ijyb is heavily wounded.
Ijyb hits you with a +0 club!
You die...

#..##.#
#..##<#
#..#####
#......#
#.####.#
#.# #.#
#.####.#
#.@g...#
######.#


You could see Ijyb.

Vanquished Creatures
  Sigmund (D:2)
  A black bear (D:4)
  A phantom (D:4)
  Natasha (D:4)
  An ufetubus (D:4)
  An orc (D:4)
  2 ball pythons
  A hobgoblin (D:4)
  A quokka (D:4)
10 creatures vanquished.

Notes
Turn   | Place    | Note
-------+----------+-------------------------------------------
     0 | D:1      | jasper the Spriggan Artificer began the quest for the Orb.
     0 | D:1      | Reached XP level 1. HP: 9/9 MP: 2/2
   107 | D:2      | Noticed Sigmund
   132 | D:2      | Killed Sigmund
   133 | D:2      | Reached skill level 6 in Evocations
   133 | D:2      | Reached XP level 2. HP: 8/15 MP: 3/3
   133 | D:2      | Reached XP level 3. HP: 9/18 MP: 4/4
   133 | D:2      | Reached XP level 4. HP: 12/23 MP: 5/5
   133 | D:2      | Reached XP level 5. HP: 14/26 MP: 6/6
   279 | D:4      | Noticed a black bear
   282 | D:4      | Killed a black bear
   390 | D:4      | Noticed a phantom
   394 | D:4      | Killed a phantom
   395 | D:4      | Reached skill level 5 in Stealth
   395 | D:4      | Reached skill level 7 in Evocations
   395 | D:4      | Reached XP level 6. HP: 32/32 MP: 7/7
   613 | D:4      | Noticed Natasha
   624 | D:4      | Killed Natasha
   730 | D:4      | Noticed Ijyb
   766 | D:4      | Slain by Ijyb

Illustrated notes

Levels and vault maps discovered:
D:1:      shiori_arrival_oz, layout_basic
D:2:      layout_loops_ring, basic_altar, uniq_sigmund
D:3:      layout_rooms, kennysheep_slug_shrine,
          mainiacjoe_overflow_tiny_flanked, nicolae_qazlal_eye_of_the_storm,
          serial_shops, nicolae_shop_real_fake_doors
D:4:      layout_basic, kennysheep_cluttered_room, minmay_starry_boxes,
          uniq_natasha, uniq_ijyb

Skill      XL: |  1  2  3  4  5 |
---------------+----------------+-----
Fighting       | 2 |  2.6
Stealth        | 4 5 |  5.1
Evocations     | 6 7 |  7.1
Short Blades   | |  0.6
Dodging        | |  3.2

Action                     |  1- 3 |  4- 6 || total
---------------------------+-------+-------++-------
  Melee: Club              |     3 |    17 ||    20
         Quick blade       |       |    51 ||    51
         Short sword       |       |     3 ||     3
         Punch             |       |     2 ||     2
  Evoke: Wand              |     8 |    12 ||    20
    Use: Potion            |     1 |       ||     1
   Stab: Sleeping          |       |     1 ||     1
 Armour: Robe              |       |     2 ||     2
  Dodge: Dodged            |     5 |    47 ||    52
